 Dungeon Crawl Stone Soup version 0.27.1 (console) character file.

Game seed: 17497587975146031336

375 om the Skirmisher (level 6, 0/62 HPs)
             Began as a Troll Monk on Sept 3, 2021.
             Slain by an ogre (17 damage)
             ... on level 5 of the Dungeon.
             The game lasted 00:05:56 (3653 turns).

om the Skirmisher (Troll Monk)                      Turns: 3653, Time: 00:05:56

Health: 0/62       AC:  4    Str: 20    XL:     6   Next: 44%
Magic:  5/5        EV: 11    Int:  6    God:
Gold:   224        SH:  0    Dex: 14    Spells: 5/5 levels left

rFire    . . .     SeeInvis .     - Unarmed
rCold    . . .     Faith    .   (no shield)
rNeg     . . .     Spirit   .   a - +0 robe
rPois    .         Reflect  .   (helmet restricted)
rElec    .         Harm     .   (no cloak)
rCorr    .         Rampage  .   (gloves unavailable)
Will     .....                  (boots unavailable)
Stlth    ++........             (no amulet)
HPRegen  1.20/turn              (no ring)
MPRegen  0.09/turn              (no ring)

@: no status effects
A: large, unfitting armour, claws 3, regeneration 1, shaggy fur 1, tough skin 1
a: no special abilities


You were on level 5 of the Dungeon.
You visited 1 branch of the dungeon, and saw 5 of its levels.

You collected 224 gold pieces.

Inventory:

Armour
 a - a +0 robe (worn)
 f - a +0 tower shield
Jewellery
 c - a ring of wizardry
Wands
 n - a wand of mindburst (11)
Scrolls
 b - a scroll of identify
 d - a scroll of fog {unknown}
 e - a scroll of blinking
 g - a scroll of teleportation
 i - a scroll of vulnerability {unknown}
 k - a scroll of noise {unknown}
 l - a scroll of fear {unknown}
 m - 2 scrolls of immolation
 p - a scroll of acquirement {unknown}
Potions
 h - 2 potions of curing
 j - a potion of flight
 o - 2 potions of invisibility
 q - a potion of lignification


   Skills:
 * Level 3.9 Fighting
 * Level 3.9 Dodging
 - Level 1.0 Stealth
 * Level 2.3 Shields
 + Level 3.9 Unarmed Combat


You had 5 spell levels left.
You didn't know any spells.
Your spell library was empty.

Dungeon Overview and Level Annotations

Branches:
Dungeon (5/15)
 Temple: D:4-7

Altars:
Hepliaklqana

Annotations:
D:4 2 transporters, billybobjr323's ghost, weakling MfBe


Innate Abilities, Weirdness & Mutations

You are too large for most types of armour.
You have claws for hands.
Your natural rate of healing is unusually fast.
You are covered in fur. (AC +1)
You have tough skin. (AC +1)


Message History

You claw the ball python!
You kill the ball python!
You see here a +0 robe.
There is an escape hatch in the floor here.
You see here a +0 dagger.
Billybobjr323's ghost turns its malevolent gaze towards you.
You hear a shout!
The ogre shouts!
Found a scroll of identify.
b - 2 scrolls of identify (gained 1) Partly explored, unvisited transporter.
As you read the scroll of identify, it crumbles to dust.
q - a potion of lignification
(D) Dungeon
Where to? (Enter - D:4, ? - help)
There is a stone staircase leading down here.
You climb downwards.
There is a stone staircase leading up here.
As you read the scroll labelled SINOM BUOLO, it crumbles to dust.
The air around you briefly surges with heat, but it dissipates.
It was a scroll of immolation.
Found 9 poisoned darts.
You see here 9 poisoned darts.
An ogre comes into view. It is wielding a +0 giant club.
An ogre is nearby!
The ogre shouts!
The ogre barely misses you.
You scratch the ogre.
The ogre is lightly wounded.
The ogre hits you with a +0 giant club!!
You claw the ogre! Your claw misses the ogre.
The ogre is severely wounded.
The ogre hits you with a +0 giant club!!
* * * LOW HITPOINT WARNING * * *
You scratch the ogre. You claw the ogre, but do no damage.
The ogre is almost dead.
You barely miss the ogre.
The ogre is almost dead.
The ogre hits you with a +0 giant club!
You die...

####### #.....#
#.###.#
#.############# #.#
#.# #...O@........#
#.#
#.#################.#
#.#
#...................#
#.#
###...###############
#.# #...# ##.# #...#
...# #...# .### #####
.# .# .#


You could see an ogre.

Vanquished Creatures
  Sigmund (D:3)
  A scorpion (D:4)
  An iguana (D:4)
  Terence (D:3)
  2 adders
  An adder skeleton (D:4)
  3 dart slugs
  2 orcs
  4 bats
  7 endoplasms
  7 giant cockroaches
  7 goblins
  10 hobgoblins
  4 jackals (D:2)
  4 quokkas
  A ball python (D:4)
  2 frilled lizards
  9 kobolds
  5 rats
72 creatures vanquished.

Vanquished Creatures (others)
  4 plants (D:3)
4 creatures vanquished.

Grand Total: 76 creatures vanquished

Notes
Turn   | Place    | Note
-------+----------+-------------------------------------------
     0 | D:1      | om the Troll Monk began the quest for the Orb.
     0 | D:1      | Reached XP level 1. HP: 22/22 MP: 0/0
   138 | D:1      | Reached XP level 2. HP: 29/29 MP: 1/1
   422 | D:1      | Found a faded altar of an unknown god.
   587 | D:1      | Reached XP level 3. HP: 36/36 MP: 2/2
  1502 | D:3      | Noticed Terence
  1518 | D:3      | Killed Terence
  1519 | D:3      | Reached skill level 1 in Shields
  1519 | D:3      | Reached XP level 4. HP: 35/45 MP: 3/3
  1539 | D:3      | Found a hazy altar of Hepliaklqana.
  1926 | D:3      | Noticed Sigmund
  2589 | D:3      | Killed Sigmund
  2590 | D:3      | Reached XP level 5. HP: 54/54 MP: 4/4
  2951 | D:4      | Reached XP level 6. HP: 62/62 MP: 5/5
  2989 | D:4      | Found a transporter.
  2992 | D:4      | Noticed billybobjr323's ghost (weakling MfBe)
  2994 | D:4      | Found a transporter.
  3577 | D:5      | Entered Level 5 of the Dungeon
  3653 | D:5      | Slain by an ogre

Illustrated notes

Levels and vault maps discovered:
D:1:      tarquinn_simple_flora_water_b, layout_basic,
          shapermc_ecumenical_altar_hornbeckon, serial_corexii_hall,
          corexii_hall_statues_i, corexii_hall_statues_deadend,
          serial_bayou_pond_a, chequers_avenue, minmay_3d_cube
D:2:      layout_basic
D:3:      layout_basic, nicolae_hepliaklqana_hazy_memory, uniq_terence,
          uniq_sigmund
D:4:      layout_loops_ring, gammafunk_ghost_smash, minmay_crystal_water,
          minmay_misc_feat_plants
D:5:      layout_basic, minmay_temple_entry_stoned_glass

Skill      XL: |  1  2  3  4 |
---------------+-------------+-----
Fighting       | 3 |  3.9
Dodging        | 3 |  3.9
Shields        | 1 2 |  2.3
Stealth        | |  1.0
Unarmed Combat | |  3.9

Action                   |  1- 3 |  4- 6 || total
-------------------------+-------+-------++-------
Melee: Unarmed           |   107 |    85 ||   192
       Punch             |     2 |     1 ||     3
  Use: Scroll            |     3 |     4 ||     7
 Stab: Sleeping          |     4 |     2 ||     6
Armor: Robe              |    31 |    17 ||    48
Dodge: Dodged            |    41 |    38 ||    79
Block: Tower shield      |     5 |       ||     5
